← All builds
Pond / Armada / Economy first / OBSERVED BUILD

Standard pond

Standard Pond play: fast Bot Lab and early boosting into Advanced Metal Extractor, sending Tick/Pawn/Blitz to front while tidal-boosting allies throughout.

#eco #team support · 473 distinct matches · 104 players · 60% of Armada Pond games · team won 50% of 541 · Recently observed

HOW TO PLAY IT

Key timing: Bot Lab by 5:42

  1. Open tidal, then wind to start boosting front's economy.
  2. Take mex and keep boosting wind or tidal depending on front's needs.
  3. Get a Bot Lab up, start sending Tick and Pawn to front.
  4. Add Advanced Metal Extractor to scale up team's economy.
  5. Switch to tick spam if enemy reaches T2 front before you do.

Phase by phase

TYPICAL OF ITS 473 GAMES
  1. 1
  2. 2
PLAY THE OPENING

Follow the example game's first 6:00 step by step: what to build now, what comes next, and where it goes. At 1× it keeps pace with your own game.

  1. 1

    Up to the Bot Lab

    Economy
    • Metal Extractor4Mex
    • Wind Turbine10Wind
    • Tidal Generator8Tidalfor allies
    • Tidal Generator1Tidal
    • Energy Storage1Energy storage
    Order
    1. Bot LabBot Lab after 4 mex, 10 wind, 1 energy storagedone ~5:37, middle half 3:31–7:01

    Some games also: converter (45%)

    By 5:08 in all: 4 mex · 10 wind · 1 tidal · 1 energy storage

    The example game in this phase · 7 steps
    1. Tidal ×8for Suicide front
    2. Wind
    3. Mex ×4
    4. Wind ×2
    5. Energy storage
    6. Wind ×2
    7. Bot LabBot Labdone 3:29 · typical 5:37
  2. 2

    Bot Lab to 10:00

    Economy
    • Wind Turbine16Wind
    Builders
    • Construction Turret1 Con turret
    • Construction Bot2 Con bot

    Some games also: tick (50%) · Lazarus (48%) · converter (44%)

    By 10:00 in all: 4 mex · 31 wind · 1 tidal · 5 converter · 1 energy storage · 2 con turret

    The example game in this phase · 118 steps
    1. Wind
    2. Construction BotCon bot
    3. Wind ×2
    4. Construction BotCon bot
    5. Wind
    6. Con turret
    7. Wind ×2
    8. Construction BotCon bot
    9. Wind ×7
    10. Con turret
    11. Wind ×10
    12. Converter
    13. Wind
    14. Converter
    15. Wind
    16. Converter
    17. Wind ×2
    18. Converter
    19. Wind
    20. Converter
    21. Wind
    22. Converter ×2
    23. Wind
    24. Converter ×2
    25. Wind
    26. Converter ×3
    27. Wind
    28. Converter
    29. Wind
    30. Converter
    31. Bot LabBot Labdone 7:05
    32. Wind
    33. Converter ×2
    34. Wind
    35. Converter ×2
    36. Wind ×5
    37. Construction BotCon bot
    38. Wind ×2
    39. Construction BotCon bot
    40. Wind
    41. Mex
    42. Wind
    43. Construction BotCon bot
    44. Wind
    45. Con turret
    46. Wind
    47. Construction BotCon bot
    48. Wind ×2
    49. Mex
    50. Con turret
    51. Wind
    52. Construction BotCon bot
    53. Wind ×4
    54. Con turret
    55. Construction BotCon bot
    56. Wind ×3
    57. Construction BotCon bot
    58. Wind ×6
    59. Advanced Metal ExtractorT2 mexdone 9:48 · typical 9:56
    60. Wind ×12
    61. Naval Radar / Sonar TowerNaval Radar / Sonar Tower
    62. Wind
    63. Advanced Metal ExtractorT2 mex
    64. Wind ×5
    65. HarpoonHarpoon
    66. Wind ×4
    67. Advanced Metal ExtractorT2 mex
    68. Wind ×4
    69. Bot LabBot Labdone 10:41
    70. Wind ×3
    71. Bot LabBot Labdone 10:52
    72. Wind ×2
    73. TickTick
    74. Advanced Metal ExtractorT2 mex
    75. TickTick
    76. Wind
    77. TickTick ×3
    78. Wind
    79. PawnPawn
    80. Wind
    81. CenturionCenturion
    82. Wind ×2
    83. TickTick ×4
    84. Wind
    85. TickTick
    86. PawnPawn
    87. CenturionCenturion
    88. Wind ×2
    89. TickTick ×2
    90. Wind
    91. TickTick ×3
    92. Wind
    93. PawnPawn
    94. Fusion ReactorFusionnot finished by 15:00
    95. Wind
    96. CenturionCenturion
    97. Wind
    98. TickTick ×2
    99. Wind
    100. TickTick
    101. Wind
    102. TickTick ×2
    103. PawnPawn
    104. Wind
    105. CenturionCenturion
    106. Wind ×2
    107. TickTick
    108. Wind
    109. TickTick ×2
    110. Wind ×2
    111. TickTick ×2
    112. PawnPawn
    113. Wind ×2
    114. CenturionCenturion
    115. Wind ×4
    116. TickTick
    117. Wind
    118. TickTick

Counts are medians over the build's games: half of them build more, half fewer. The example game is GeeGee's (36 OS, 18/09/2026); pick another.

Team trades

IN AT LEAST 30% OF ITS GAMES

You hand over

  • Tidal Generator8 Tidal to Suicide front or Frontfirst at 0:10 · in 90% of games

You get

  • Hercules1 Light transport from Air or Techfirst at 4:32 · in 31% of games
  • Hephaestus1 Heavy transport from Air or Techfirst at 4:43 · in 39% of games
  • Fatboy1 Fatboy from Techfirst at 5:02 · in 40% of games
  • Sharpshooter2 Sniper bot from Techfirst at 5:16 · in 42% of games
  • Advanced Construction Bot1 T2 con bot from Techfirst at 8:18 · in 92% of games

How it plays out

Typical game of this build, running totals by minute

Metal produced

010k20k
0:005:0010:0015:00

metal

Enemy metal destroyed

02k4k6k
0:005:0010:0015:00

metal

Own metal lost

02k4k
0:005:0010:0015:00

metal

541 games.

Show as table
ByMetal produced: This buildEnemy metal destroyed: This buildOwn metal lost: This build
1:0011500
2:0027200
3:0081700
4:00150700
5:00223100
6:00298300
7:0038434600
8:0047501269147
9:0056992025378
10:0068742840714
11:00833732981178
12:001029136611603
13:001261442021959
14:001493647782448
15:001751853403029
WHAT THE NUMBERS SAY

This is the role's standard support job, winning slightly under half its games while contributing modest kills for modest losses.

  • + Keeps own losses fairly low relative to kills (2827 destroyed vs 756 lost by 10:00).
  • + Reaches T2 constructor reliably (89% of games) by 8:10.
  • − Metal production trails other roles at 6855 by 10:00.
  • − No kills registered by 5:00, slow to impact the fight.
THE EXAMPLE YOU ARE READING

GeeGee

35.8 OS · 18/09/2026

Open source match ↗

3 received units · includes a constructor
30 metal received · 131714 energy received

Allied construction assistance is unknown. Timings are observations, not a promise of solo reproducibility.

Typical milestones

Bot Lab5:37Middle 50%: 3:31–7:01 · n=485
Advanced Metal Extractor9:56Middle 50%: 9:01–10:40 · n=490

Played most by

Viltrum44games of this buildTeaner37games of this buildUsurpeR25games of this buildzeus_on_god25games of this build[Grump]Grumpiness19games of this build
Standard pond · Armada Pond build order · BAR Build Atlas